Workbook
Name ¿Quiénes_están_inscritos_dentro_del_sistema__incluye_desinscr___: #REF!
Name ¿Quiénes_están_inscritos_dentro_del_sistema__incluye_desinscr___: #REF!
Name ¿Quiénes_están_inscritos_dentro_del_sistema__incluye_desinscr___: #REF!
Name ActividadRE: #REF!
Name ActividadRE: #REF!
Name ActividadRE: #REF!
Name ALMUERZO: '[1]Resumen Preparaciones'!$C$52:$C$113
Name almuerzocena: '[1]Resumen Preparaciones'!$C$52:$C$141
Name Calidad: [2]PERSONAL!$P$58
Name Campamento: [2]PERSONAL!$P$122
Name CostoDirectoObra: #REF!
Name CostoDirectoObra: #REF!
Name CostoDirectoObra: #REF!
Name CuantostieneEdSuperior: #REF!
Name CuantostieneEdSuperior: #REF!
Name CuantostieneEdSuperior: #REF!
Name Decision: [3]lista!$A$6:$A$7
Name Decision: [4]lista!$A$6:$A$7
Name Decision: [4]lista!$A$6:$A$7
Name Decision: [5]lista!$A$6:$A$7
Name Dedicacion: '[6]Tal Humano'!#REF!
Name Dedicacion: '[6]Tal Humano'!#REF!
Name Dedicacion: '[6]Tal Humano'!#REF!
Name desayuno: '[1]Resumen Preparaciones'!$C$5:$C$50
Name DESAYUNOS: '[1]Resumen Preparaciones'!$C$5:$C$33
Name DeseanCapacitacionEn: #REF!
Name DeseanCapacitacionEn: #REF!
Name DeseanCapacitacionEn: #REF!
Name DESINSCRITOS: #REF!
Name DESINSCRITOS: #REF!
Name DESINSCRITOS: #REF!
Name DISTRIBUCIONPORTIPOCONTRATO: #REF!
Name DISTRIBUCIONPORTIPOCONTRATO: #REF!
Name DISTRIBUCIONPORTIPOCONTRATO: #REF!
Name Ed_cons_empr_CodEntidad: #REF!
Name Ed_cons_empr_CodEntidad: #REF!
Name Ed_cons_empr_CodEntidad: #REF!
Name Ed_emp_codemp: #REF!
Name Ed_emp_codemp: #REF!
Name Ed_emp_codemp: #REF!
Name EdSuperior2: #REF!
Name EdSuperior2: #REF!
Name EdSuperior2: #REF!
Name EdSuperior3: #REF!
Name EdSuperior3: #REF!
Name EdSuperior3: #REF!
Name Empresa: #REF!
Name Empresa: #REF!
Name Empresa: #REF!
Name Ensayos: [2]PERSONAL!$P$100
Name EstadoMadCabFamilia: #REF!
Name EstadoMadCabFamilia: #REF!
Name EstadoMadCabFamilia: #REF!
Name Estrategia: [7]Tablas!$F$2:$F$34
Name Fuente: [7]Tablas!$D$2:$D$10
Name Funcionario: [8]frmFuncionario!#REF!
Name Funcionario: [8]frmFuncionario!#REF!
Name Funcionario: [8]frmFuncionario!#REF!
Name GruporUPS: #REF!
Name GruporUPS: #REF!

Sheet INFO GENERAL Y FINANCIERA
B8: Formato Información General Y Financiera De Proveedores
B10: Ciudad | R10: Fecha Dd/mm/aa | AA10: Persona Natural
AA11: Persona Jurídica
B12: 1. Información General
B13: 1.1. Identificación.
B14: Personas naturales | I14: Nombre Comercial | AF14: Cédula
B16: Personas jurídicas | I16: Razón Social | AF16: DV
B18: Dirección | AA18: Fax | AF18: Ciudad
B20: Pagina Web | AA20: Sector al que pertenece
B22: 1.2. Personas De Contacto
B23: Gerente General | P23: E-mail | AA23: Ext. | AF23: Celular
B25: Director Comercial | P25: E-mail | AA25: Ext. | AF25: Celular
B27: Asesor Comercial | P27: E-mail | AA27: Ext. | AF27: Celular
B29: 1.3. Productos Y Servicios Inscritos En El Rup De Acuerdo Con El Unspsc
B30: Incluir Listado Con Breve Descripción De Los Productos Y/o Servicios Que Ofrece La Compañía, Registrados En El Rup (agregue Las Filas Necesarias) | AF30: Código de Naciones Unidas
B36: 1.4. Códigos CIIU | AF36: 1.5. Número De Empleados
B37: Código De Actividad | I37: Descripción Actividad Económica CIIU | AA37: Tarifa ICA
B41: 2. Información Financiera
B42: Nombre Del Indicador | O42: Cuenta | W42: Valores En Pesos a Diciembre 31 De 2014 | AE42: Indicador | AI42: Veces- Porcentaje
B43: Capacidad Financiera | E43: índice De Liquidez | O43: Activo Corriente --> | AE43: =+IFERROR(W43/W44,0) -> 0 | AI43: Veces
O44: Pasivo Corriente -->
E45: Índice De Endeudamiento | O45: Pasivo Total--> | AE45: =+IFERROR(W45/W46,0) -> 0 | AI45: Porcentaje
O46: Activo Total-->
E47: Razón De Cobertura De Intereses | O47: Utilidad Operacional--> | AE47: =+IFERROR(W47/W48,0) -> 0 | AI47: Veces
O48: Gastos De Interés-->
E49: Capital de Trabajo | O49: Activo Corriente--> | AE49: =+W49-W50 -> 0 | AI49: Pesos
O50: Pasivo corriente-->
B51: Capacidad Organizacional | E51: Rentabilidad Del Patrimonio | O51: Utilidad Operacional--> | AE51: =+IFERROR(W51/W52,0) -> 0 | AI51: Porcentaje
O52: Patrimonio-->
E53: Rentabilidad Del Activo | O53: Utilidad Operacional--> | AE53: =+IFERROR(W53/W54,0) -> 0 | AI53: Porcentaje
O54: Activo Total-->
B55: Nota: Para las empresas inspeccionadas, vigiladas o controladas por la Supersociedades, la información consignada en este numeral será validada con la reportada a la Supersociedades y disponible para consulta en Internet mediante el Sistema de Información y Riesgo Empresarial de la Supersociedades (SIREM). Si se evidencian diferencias en los valores consignados en este formato y los reportados a la Supersociedades se tomará como referencia la información del SIREM.
B56: Otra información relevante de la empresa (consigne en este espacio otra información que considere de interés)

Sheet F. COTIZACIÓN CHOCO
B2: República de Colombia Instituto Colombiano de Bienestar Familiar Cecilia de la Fuente de Lleras Dirección de Abastecimiento
B8: FORMATO DE COTIZACIÓN REALIZAR LA INTERVENTORÍA TÉCNICA, ADMINISTRATIVA, DE CONTROL PRESUPUESTAL, AMBIENTAL Y SOCIAL AL CONTRATO DE OBRA CUYO OBJETO ES “APROPIACIÓN, REVISIÓN Y AJUSTE DE LOS DISEÑOS Y CONSTRUCCIÓN DEL CENTRO ZONAL TADO ICBF EN EL DEPARTAMENTO DE CHOCO”.
B9: EMPRESA | I9: TEL:
B10: CARGO: | I10: CONTACTO:
B11: E-MAIL: | I11: FECHA:
B13: INSTRUCCIONES PARA EL DILIGENCIAMIENTO DEL FORMATO DE COTIZACIÓN
B14: • Por favor diligenciar solo las celdas en AMARILLO. Se deben llenar todas las casillas. • Revisar todos los requerimientos que se exponen en el documento Ficha de Condiciones Técnicas y Anexos; y formular su cotización en concordancia con este. • El valor de la cotización deber ser expresado en PESOS COLOMBIANOS. • Los valores unitarios deberán aproximarse por exceso o por defecto al entero más cercano. Si la cifra no está aproximada y aparece con centavos, el ICBF aproximará al entero inferior. • No modificar, agregar o quitar ningún ítem o sub-ítem.
B15: Notas: (1) Numero de Meses: El plazo de ejecución estimado es de 12 meses calendario (Un mes de ejecución en 2015 y once en 2016). (2) Administración Utilidad: Establecer los porcentajes que correspondan a estos dos factores. Con respecto a la Administración, incluir en éste los costos correspondientes a demás costos indirectos relacionados en el contrato entre ellos se deben tener en cuenta las pólizas para la legalización del contrato, gastos de oficina, papelería, gravamen al impuesto financiero (4 x mil) e imprevistos.
D18: 2015 | G18: 2016 | J18: 2015 | K18: 2016
D19: 1 | G19: 11
B20: CATEGORIA DE COSTO | C20: CARGO | D20: Cant. | E20: % Dedicación | F20: Valor mes (honorarios o salarios mensuales) | G20: Cant. | H20: % Dedicación | I20: Valor mes (honorarios o salarios mensuales) | J20: Costo Total (Periodo de ejecución)
B21: TALENTO HUMANO | C21: Director de la Interventoria | D21: 1 | E21: 0.3 | G21: 1 | H21: 0.3 | J21: =ROUND((D21*E21*F21*$D$19),0) -> 0 | K21: =ROUND((G21*H21*I21*$G$19),0) -> 0
C22: Residente de Interventoría | D22: 1 | E22: 1 | G22: 1 | H22: 1 | J22: =ROUND((D22*E22*F22*$D$19),0) -> 0 | K22: =ROUND((G22*H22*I22*$G$19),0) -> 0
C23: Ingeniero civil | D23: 1 | E23: 0.2 | G23: 1 | H23: 0.2 | J23: =ROUND((D23*E23*F23*$D$19),0) -> 0 | K23: =ROUND((G23*H23*I23*$G$19),0) -> 0
C24: Profesional Ambiental | D24: 1 | E24: 0.3 | G24: 1 | H24: 0.3 | J24: =ROUND((D24*E24*F24*$D$19),0) -> 0 | K24: =ROUND((G24*H24*I24*$G$19),0) -> 0
C25: Profesional de seguridad industrial | D25: 1 | E25: 1 | G25: 1 | H25: 1 | J25: =ROUND((D25*E25*F25*$D$19),0) -> 0 | K25: =ROUND((G25*H25*I25*$G$19),0) -> 0
C26: Ingeniero Hidráulico | D26: 1 | E26: 0.2 | G26: 1 | H26: 0.2 | J26: =ROUND((D26*E26*F26*$D$19),0) -> 0 | K26: =ROUND((G26*H26*I26*$G$19),0) -> 0
C27: Ingeniero eléctrico | D27: 1 | E27: 0.2 | G27: 1 | H27: 0.2 | J27: =ROUND((D27*E27*F27*$D$19),0) -> 0 | K27: =ROUND((G27*H27*I27*$G$19),0) -> 0
C28: Ingeniero de Costos y presupuestos | D28: 1 | E28: 0.5 | G28: 1 | H28: 0.5 | J28: =ROUND((D28*E28*F28*$D$19),0) -> 0 | K28: =ROUND((G28*H28*I28*$G$19),0) -> 0
C29: Geotecnia | D29: 1 | E29: 0.2 | G29: 1 | H29: 0.2 | J29: =ROUND((D29*E29*F29*$D$19),0) -> 0 | K29: =ROUND((G29*H29*I29*$G$19),0) -> 0
C30: Topógrafo | D30: 1 | E30: 0.5 | G30: 1 | H30: 0.5 | J30: =ROUND((D30*E30*F30*$D$19),0) -> 0 | K30: =ROUND((G30*H30*I30*$G$19),0) -> 0
B31: VALOR TOTAL TALENTO HUMANO | J31: =+SUM(J21:J30) -> 0 | K31: =+SUM(K21:K30) -> 0
J33: 2015 | K33: 2016
B35: CATEGORIA DE COSTO | C35: CONCEPTO | I35: Porcentaje | J35: Costo Total | K35: Costo Total
B36: Administración y Utilidad (Nota 2) | C36: Administración | J36: =+$J$31*I36 -> 0 | K36: =+$K$31*I36 -> 0
C37: Utilidad | J37: =+$J$31*I37 -> 0 | K37: =+$K$31*I37 -> 0
B38: TOTAL ADMINISTRACIÓN UTILIDAD | J38: =+SUM(J36:J37) -> 0 | K38: =+SUM(K36:K37) -> 0
B40: SUBTOTAL 1 = (TALENTO HUMANO + ADMINISTRACIÓN y UTILIDAD) | J40: =+J31+J38 -> 0 | K40: =+K31+K38 -> 0
B42: CATEGORIA DE COSTO | C42: CONCEPTO | I42: Porcentaje | J42: Costo Total | K42: Costo Total
B43: IMPUESTOS | C43: ICA | I43: =6.9/1000 -> 0.0069 | J43: =+$I43*J$40 -> 0 | K43: =+$I43*K$40 -> 0
C44: IVA | I44: 0.16 | J44: =+$I44*J$40 -> 0 | K44: =+$I44*K$40 -> 0
B45: TOTAL IMPUESTOS | J45: =+SUM(J43:J44) -> 0 | K45: =+SUM(K43:K44) -> 0
B47: TOTAL INTERVENTORIA POR VIGENCIA EN EL DEPARTAMENTO DE CHOCO | J47: =+J40+J45 -> 0 | K47: =+K40+K45 -> 0
B49: La presente cotización:
B50: • Incluye todos los costos y gastos directos e indirectos en que debe incurrir el contratista durante la ejecución del contrato de acuerdo con las especificaciones de la Ficha de Condiciones Técnicas, las obligaciones tributarias de acuerdo con las normas aplicables para el tipo de servicio y contrato correspondiente, y los costos de las pólizas. • Se remite como parte del estudio de mercado, previo a la contratación, y no implica ninguna obligación de contratar. • Tiene una vigencia de 90 días a partir de la fecha de diligenciamiento.
B51: Inscripción en el Registro Único de Proponentes: Las personas naturales y jurídicas, nacionales o extranjeras, con domicilio en Colombia, interesadas en participar en procesos de contratación convocados por las entidades estatales, deben estar inscritas en el RUP, salvo las excepciones previstas de forma taxativa en la ley (Artículo 8 del Decreto 1510 de 2013). Se aclara que esta inscripción no se requiere para remitir cotización durante el estudio de mercado.

Sheet F. COTIZACIÓN SUCRE
B2: República de Colombia Instituto Colombiano de Bienestar Familiar Cecilia de la Fuente de Lleras Dirección de Abastecimiento
B8: FORMATO DE COTIZACIÓN REALIZAR LA INTERVENTORIA TÉCNICA, ADMINISTRATIVA, DE CONTROL PRESUPUESTAL, AMBIENTAL Y SOCIAL AL CONTRATO DE OBRA CUYO OBJETO ES “LA CONSTRUCCIÓN DEL CENTRO ZONAL LA MOJANA MUNICIPIO DE MAJAGUAL EN EL DEPARTAMENTO DE SUCRE.
B9: EMPRESA | C9: =+IF('F. COTIZACIÓN CHOCO'!C9="","",'F. COTIZACIÓN CHOCO'!C9) | I9: TEL: | J9: =+IF('F. COTIZACIÓN CHOCO'!J9="","",'F. COTIZACIÓN CHOCO'!J9)
B10: CARGO: | C10: =+IF('F. COTIZACIÓN CHOCO'!C10="","",'F. COTIZACIÓN CHOCO'!C10) | I10: CONTACTO: | J10: =+IF('F. COTIZACIÓN CHOCO'!J10="","",'F. COTIZACIÓN CHOCO'!J10)
B11: E-MAIL: | C11: =+IF('F. COTIZACIÓN CHOCO'!C11="","",'F. COTIZACIÓN CHOCO'!C11) | I11: FECHA: | J11: =+IF('F. COTIZACIÓN CHOCO'!J11="","",'F. COTIZACIÓN CHOCO'!J11)
B13: INSTRUCCIONES PARA EL DILIGENCIAMIENTO DEL FORMATO DE COTIZACIÓN
B14: • Por favor diligenciar solo las celdas en AMARILLO. Se deben llenar todas las casillas. • Revisar todos los requerimientos que se exponen en el documento Ficha de Condiciones Técnicas y Anexos; y formular su cotización en concordancia con este. • El valor de la cotización deber ser expresado en PESOS COLOMBIANOS. • Los valores unitarios deberán aproximarse por exceso o por defecto al entero más cercano. Si la cifra no está aproximada y aparece con centavos, el ICBF aproximará al entero inferior. • No modificar, agregar o quitar ningún ítem o sub-ítem.
B15: Notas: (1) Numero de Meses: El plazo de ejecución estimado es de 12 meses calendario (Un mes de ejecución en 2015 y once en 2016). (2) Administración Utilidad: Establecer los porcentajes que correspondan a estos dos factores. Con respecto a la Administración, incluir en éste los costos correspondientes a demás costos indirectos relacionados en el contrato entre ellos se deben tener en cuenta las pólizas para la legalización del contrato, gastos de oficina, papelería, gravamen al impuesto financiero (4 x mil) e imprevistos.
D18: 2015 | G18: 2016 | J18: 2015 | K18: 2016
D19: 1 | G19: 11
B20: CATEGORIA DE COSTO | C20: CARGO | D20: Cant. | E20: % Dedicación | F20: Valor mes (honorarios o salarios mensuales) | G20: Cant. | H20: % Dedicación | I20: Valor mes (honorarios o salarios mensuales) | J20: Costo Total (Periodo de ejecución)
B21: TALENTO HUMANO | C21: Director de la Interventoria | D21: 1 | E21: 0.3 | G21: 1 | H21: 0.3 | J21: =ROUND((D21*E21*F21*$D$19),0) -> 0 | K21: =ROUND((G21*H21*I21*$G$19),0) -> 0
C22: Residente de Interventoría | D22: 1 | E22: 1 | G22: 1 | H22: 1 | J22: =ROUND((D22*E22*F22*$D$19),0) -> 0 | K22: =ROUND((G22*H22*I22*$G$19),0) -> 0
C23: Ingeniero civil | D23: 1 | E23: 0.2 | G23: 1 | H23: 0.2 | J23: =ROUND((D23*E23*F23*$D$19),0) -> 0 | K23: =ROUND((G23*H23*I23*$G$19),0) -> 0
C24: Profesional Ambiental | D24: 1 | E24: 0.3 | G24: 1 | H24: 0.3 | J24: =ROUND((D24*E24*F24*$D$19),0) -> 0 | K24: =ROUND((G24*H24*I24*$G$19),0) -> 0
C25: Profesional de seguridad industrial | D25: 1 | E25: 1 | G25: 1 | H25: 1 | J25: =ROUND((D25*E25*F25*$D$19),0) -> 0 | K25: =ROUND((G25*H25*I25*$G$19),0) -> 0
C26: Ingeniero Hidráulico | D26: 1 | E26: 0.2 | G26: 1 | H26: 0.2 | J26: =ROUND((D26*E26*F26*$D$19),0) -> 0 | K26: =ROUND((G26*H26*I26*$G$19),0) -> 0
C27: Ingeniero eléctrico | D27: 1 | E27: 0.2 | G27: 1 | H27: 0.2 | J27: =ROUND((D27*E27*F27*$D$19),0) -> 0 | K27: =ROUND((G27*H27*I27*$G$19),0) -> 0
C28: Ingeniero de Costos y presupuestos | D28: 1 | E28: 0.5 | G28: 1 | H28: 0.5 | J28: =ROUND((D28*E28*F28*$D$19),0) -> 0 | K28: =ROUND((G28*H28*I28*$G$19),0) -> 0
C29: Geotecnia | D29: 1 | E29: 0.2 | G29: 1 | H29: 0.2 | J29: =ROUND((D29*E29*F29*$D$19),0) -> 0 | K29: =ROUND((G29*H29*I29*$G$19),0) -> 0
C30: Topógrafo | D30: 1 | E30: 0.5 | G30: 1 | H30: 0.5 | J30: =ROUND((D30*E30*F30*$D$19),0) -> 0 | K30: =ROUND((G30*H30*I30*$G$19),0) -> 0
B31: VALOR TOTAL TALENTO HUMANO | J31: =+SUM(J21:J30) -> 0 | K31: =+SUM(K21:K30) -> 0
J33: 2015 | K33: 2016
B35: CATEGORIA DE COSTO | C35: CONCEPTO | I35: Porcentaje | J35: Costo Total | K35: Costo Total
B36: Administración y Utilidad (Nota 2) | C36: Administración | J36: =+$J$31*I36 -> 0 | K36: =+$K$31*I36 -> 0
C37: Utilidad | J37: =+$J$31*I37 -> 0 | K37: =+$K$31*I37 -> 0
B38: TOTAL ADMINISTRACIÓN UTILIDAD | J38: =+SUM(J36:J37) -> 0 | K38: =+SUM(K36:K37) -> 0
B40: SUBTOTAL 1 = (TALENTO HUMANO + ADMINISTRACIÓN y UTILIDAD) | J40: =+J31+J38 -> 0 | K40: =+K31+K38 -> 0
B42: CATEGORIA DE COSTO | C42: CONCEPTO | I42: Porcentaje | J42: Costo Total | K42: Costo Total
B43: IMPUESTOS | C43: ICA | I43: =6.9/1000 -> 0.0069 | J43: =+$I43*J$40 -> 0 | K43: =+$I43*K$40 -> 0
C44: IVA | I44: 0.16 | J44: =+$I44*J$40 -> 0 | K44: =+$I44*K$40 -> 0
B45: TOTAL IMPUESTOS | J45: =+SUM(J43:J44) -> 0 | K45: =+SUM(K43:K44) -> 0
B47: TOTAL INTERVENTORIA POR VIGENCIA EN MAJAGUAL DEPARTAMENTO DE SUCRE. | J47: =+J40+J45 -> 0 | K47: =+K40+K45 -> 0
B49: La presente cotización:
B50: • Incluye todos los costos y gastos directos e indirectos en que debe incurrir el contratista durante la ejecución del contrato de acuerdo con las especificaciones de la Ficha de Condiciones Técnicas, las obligaciones tributarias de acuerdo con las normas aplicables para el tipo de servicio y contrato correspondiente, y los costos de las pólizas. • Se remite como parte del estudio de mercado, previo a la contratación, y no implica ninguna obligación de contratar. • Tiene una vigencia de 90 días a partir de la fecha de diligenciamiento.
B51: Inscripción en el Registro Único de Proponentes: Las personas naturales y jurídicas, nacionales o extranjeras, con domicilio en Colombia, interesadas en participar en procesos de contratación convocados por las entidades estatales, deben estar inscritas en el RUP, salvo las excepciones previstas de forma taxativa en la ley (Artículo 8 del Decreto 1510 de 2013). Se aclara que esta inscripción no se requiere para remitir cotización durante el estudio de mercado.

Sheet POLIZAS
B8: CONCEPTOS A TENER EN CUENTA
B11: El presente cuadro es de carácter informativo, no se debe diligenciar. Sin embargo se entiende que la cotización incluye la totalidad de los conceptos relacionados a continuación.
B13: PÓLIZAS PARA LEGALIZACIÓN DEL CONTRATO
B15: CONCEPTO | D15: COBERTURA | E15: PLAZO (En Meses)
B16: Garantía de Seriedad de la oferta | D16: 0.1 | E16: Plazo de Ejecución
B17: Cumplimiento | D17: 0.2 | E17: Plazo de ejecución + 4 meses mas
B18: Salarios, Prestaciones | D18: 0.1 | E18: Plazo de ejecución + 36 meses mas
B19: Calidad de los Servicios | D19: 0.2 | E19: Plazo de ejecución + 4 meses mas
B20: Responsabilidad civil extracontractual | D20: 0.1 | E20: Plazo de Ejecución
B21: Cobertura: Corresponde al porcentaje del valor total del contrato a amparar.

Sheet INFO EXPERIENCIA
B8: EXPERIENCIA EN CONTRATACION EN LOS ULTIMOS 5 AÑOS
B9: EXPERIENCIA EN CONTRATACIÓN EN LOS ÚLTIMOS 5 AÑOS
B11: Con el fin de conocer la experiencia con la que cuentan las empresas del sector relacionada con el objeto del presente estudio de mercado, agradecemos diligenciar el cuadro que sigue con base en los contratos suscritos en los últimos 5 años, cuyos objetos están relacionados con el objeto del presente estudio de mercado
B13: Tipo de entidad | C13: Entidad o Empresa | D13: Numero del contrato | E13: Objeto del contrato | F13: Fecha de suscripción (dd/mmm/aa) | G13: Plazo de ejecución (en años) | H13: Forma de participación (UT, consorcio, individual) | I13: % de participación | J13: Valor total ejecutado del contrato (de acuerdo con el % de participación)
B25: Nota: Agregar las filas necesarias para reportar la experiencia
